 Dungeon Crawl Stone Soup version 0.31-a0-145-g046c7d2549 (webtiles) character file.

Game seed: 6350866944644888061

9154 senseless the Transmogrifier (level 11, -11/98 HPs)
             Began as a Yellow Draconian Transmuter on June 6, 2023.
             Was a Priest of Hepliaklqana.
             Killed from afar by a molten gargoyle (28 damage)
             ... with a bolt of magma
             ... on level 10 of the Dungeon.
             The game lasted 00:33:58 (11801 turns).

senseless the Transmogrifier (DrTm)                Turns: 11801, Time: 00:34:01

Health: -11/98     AC: 14    Str: 12    XL:     11   Next: 19%
Magic:  22/23      EV: 12    Int: 24    God:    Hepliaklqana [***...]
Gold:   896        SH:  0    Dex: 12    Spells: 16/26 levels left

rFire   x .          .
                       - Unarmed
rCold   + + +        (shield currently unavailable)
rNeg    . . .        (body armour unavailable)
rPois   +            (helmet currently unavailable)
rElec   .            (cloak currently unavailable)
rCorr   .            p - melded +0 pair of gloves
SInv    .            d - melded +1 pair of boots
Will    .....        (no amulet)
Stlth   +            r - +6 ring of intelligence
HPRegen 0.36/turn    w - +4 ring of protection
MPRegen 0.18/turn

%: no passive effects
@: about to teleport, ice-form
A: freezing attack, amphibious, boosted hp, reduced essence, (spit acid), AC +7,
large, unfitting armour, (cold-blooded), (acid resistance)
a: End Transformation, Renounce Religion, Recall Ancestor, Ancestor Identity,
Transference


You were on level 10 of the Dungeon.
You worshipped Hepliaklqana.
Hepliaklqana was most pleased with you.
You were a creature of crystalline ice.
You visited 2 branches of the dungeon, and saw 11 of its levels.
You also visited: Sewer, Ossuary and Bailey.

You collected 896 gold pieces.

Inventory:

Hand Weapons
 g - the +8 whip "Snakebite" {venom, curare, rPois}
   (You found it in a bailey)

   rPois:     It protects you from poison.
 G - the +6 mace of Heitaevvo {holy, rC+ rN+ Dex-3}
   (You found it on level 9 of the Dungeon)

   Dex:       It affects your dexterity (-3).
   rC:        It protects you from cold.
   rN:        It protects you from negative energy.
Missiles
 t - 10 throwing nets
Armour
 d - a +1 pair of boots (melded)
 p - a +0 pair of gloves (melded)
 s - a +0 buckler
 v - a +1 cloak
Jewellery
 o - a ring of protection from fire
 q - a ring of flight
 r - a +6 ring of intelligence (left front paw)
 w - a +4 ring of protection (right front paw)
 z - a ring of positive energy
 D - a ring of positive energy
Wands
 c - a wand of polymorph (1)
 u - a wand of acid (3)
 y - a wand of paralysis (9)
 B - a wand of flame (33)
Scrolls
 e - a scroll of teleportation
 i - 4 scrolls of identify
Potions
 a - 2 potions of lignification
 b - 11 potions of curing
 f - 2 potions of invisibility
 h - 7 potions of enlightenment
 j - 3 potions of brilliance
 k - 4 potions of might
 l - 2 potions of ambrosia
 m - 3 potions of mutation
 n - 2 potions of heal wounds
 x - 3 potions of resistance
 A - 2 potions of attraction
 C - 3 potions of haste
 E - 2 potions of cancellation


   Skills:
 + Level 7.3 Fighting
 + Level 6.3 Dodging
 + Level 7.1 Unarmed Combat
 * Level 8.2 Spellcasting
 * Level 9.0 Transmutations
 + Level 5.2 Ice Magic


You had 16 spell levels left.
You knew the following spells:

 Your Spells              Type           Power      Damage    Failure   Level
a - Beastly Appendage     Tmut           100%       N/A       1%          1
b - Wereblood             Tmut           52%        N/A       1%          2
c - Spider Form           Tmut/Pois      31%        N/A       3%          3
d - Ice Form              Ice/Tmut       44%        N/A       3%          4

Your spell library contained the following spells:

 Spells                   Type           Power      Damage    Failure   Level
 Passwall                 Tmut/Erth      25%        N/A       1%          2
 Ensorcelled Hibernation  Hex/Ice        44%        N/A       3%          2
 Magic Dart               Conj           36%        1d4       6%          1
 Slow                     Hex            36%        N/A       6%          1
 Searing Ray              Conj           18%        2d5       10%         2
 Confusing Touch          Hex            9%         N/A       19%         3
 Gell's Gravitas          Tloc           9%         N/A       19%         3
 Swiftness                Air            9%         N/A       19%         3
 Teleport Other           Tloc           9%         N/A       19%         3
 Vampiric Draining        Necr           9%         2d6       19%         3
 Fulminant Prism          Conj/Hex       4%         3d5       54%         4
 Dispersal                Tloc           4%         N/A       100%        6


Dungeon Overview and Level Annotations

Branches:
Dungeon (10/15)            Temple (1/1) D:4           Sewer (visited)
Ossuary (visited)          Bailey (visited)
   Lair: D:8-11         Orc: D:9-12

Altars:
Ashenzari
Cheibriados
Dithmenos
Elyvilon
Fedhas
Gozag
Hepliaklqana
Kikubaaqudgha
Makhleb
Nemelex Xobeh
Okawaru
Qazlal
Ru
Sif Muna
Trog
Uskayaw
Vehumet
Wu Jian
Xom
Yredelemnul
Zin
The Shining One

Annotations:
D:6 2 transporters, kaesh's ghost, novice HOBe


Innate Abilities, Weirdness & Mutations

You are a creature of crystalline ice.
You have a powerful freezing melee attack.
You are amphibious.
Your maximum health is increased.
Your armour is entirely melded.
You are incapable of wielding weapons or throwing items.
Your life essence is reduced to manifest your ancestor. (-10% HP)
((You can spit globs of acid.))
((Your golden yellow scales are hard. (AC +7)))
You cannot fit into any form of body armour.
((You are cold-blooded and may be slowed by cold attacks.))
((You are resistant to acid. (rCorr)))


Message History

You are too injured to fight recklessly!
You are too injured to fight recklessly!
You are too injured to fight recklessly!
You are too injured to fight recklessly!
You are too injured to fight recklessly!
You punch the killer bee! You freeze the killer bee.
You kill the killer bee!
The killer bee barely misses you.
You closely miss the killer bee.
The killer bee stings you but does no damage. x2
You punch the killer bee! You freeze the killer bee.
The killer bee is almost dead.
The killer bee closely misses you. The killer bee barely misses you.
You closely miss the killer bee.
The killer bee is almost dead.
The killer bee barely misses you.
You hit the killer bee. You freeze the killer bee.
You kill the killer bee!
The bolt of magma misses Wilfreda.
A bolt of magma appears from out of your range of vision.
The killer bee stings you but does no damage.
You barely miss the killer bee. The killer bee misses you.
The killer bee barely misses you.
You completely miss the killer bee. The killer bee barely misses you.
The molten gargoyle closely misses you.
You hit the molten gargoyle but do no damage.
The killer bee barely misses you.
The killer bee stings you but does no damage.
The molten gargoyle hits you with a +0 mace!
You are engulfed in flames!!
The fire burns you terribly!
* * * LOW HITPOINT WARNING * * *
Okay, then.
As you read the scroll of teleportation, it crumbles to dust.
You feel strangely unstable.
The killer bee stings you but does no damage.
The killer bee barely misses you.
Wilfreda has departed this plane of existence.
The molten gargoyle blasts magma at you!
The bolt of magma hits you!! The lava burns you terribly!
You die...

≈§88 §§88 .
§§§≈≈ .. ≈≈≈ ##
.... # ... ..
.#.#9#.#####...
..
#.#.#y#.#.#....
#....#Y.$..#
##...#9....# ...
#.........##....
.
..#.............
. ##............
## ##...........
... #......#.#.#
..... ##>##..#.#
#
.....##.........


You could see 2 molten gargoyles and a killer bee.

Vanquished Creatures
  2 two-headed ogres (D:9)
  A molten gargoyle (D:10)
  A wyvern (D:9)
  3 yaks (D:8)
  A slime creature (D:9)
  A steam dragon (D:7)
  Menkaure (D:4)
  2 water moccasins (D:6)
  2 orc warriors (D:9)
  3 sky beasts
  2 black bears
  5 wolves (Bailey)
  3 centaurs
  4 ogres
  7 bullfrogs
  4 kobold brigands
  6 gnoll sergeants
  4 scorpions
  3 water moccasin zombies (Ossuary)
  4 wights (D:9)
  2 killer bees (D:10)
  A howler monkey (D:7)
  2 jellies (D:6)
  5 hounds
  6 gnoll boudas
  4 orc priests
  4 sleepcaps
  Jessica (D:3)
  5 orc wizards
  2 mummies (Ossuary)
  Robin (D:4)
  22 gnolls
  8 adders
  2 river rats
  A howler monkey simulacrum (D:9)
  6 adder zombies (Ossuary)
  2 worms
  A dart slug (D:3)
  19 orcs
  9 ball pythons
  7 bats
  8 endoplasms
  6 giant cockroaches
  36 hobgoblins
  2 jackals (Sewer)
  3 quokkas
  A frilled lizard (D:3)
  A gnoll zombie (Ossuary)
  48 goblins
  3 hobgoblin zombies (Ossuary)
  19 kobolds
  4 kobold zombies (Ossuary)
  2 orc zombies (Ossuary)
  12 rats
314 creatures vanquished.

Vanquished Creatures (collateral kills)
  A cyclops (D:9)
  Maurice (D:10)
  A tengu conjurer (D:10)
  A centaur (D:7)
  A bullfrog (D:6)
  4 gnoll sergeants (Bailey)
  A water moccasin zombie (Ossuary)
  A wight (D:9)
  A killer bee (D:10)
  A howler monkey (D:5)
  A hound (Bailey)
  A jelly (D:7)
  An orc priest (D:7)
  A gnoll bouda (Bailey)
  A sleepcap (D:5)
  2 orc wizards
  2 gnolls (D:8)
  A shadow imp (D:6)
  3 orcs
  A kobold (D:7)
  A gnoll zombie (Ossuary)
  2 hobgoblin zombies (Ossuary)
30 creatures vanquished.

Vanquished Creatures (others)
  2 hexers
  An ancestor (D:6)
3 creatures vanquished.

Grand Total: 347 creatures vanquished

Notes
Turn   | Place    | Note
-------+----------+-------------------------------------------
     0 | D:1      | senseless the Draconian Transmuter began the quest for the
                  | Orb.
     0 | D:1      | Reached XP level 1. HP: 16/16 MP: 3/3
   198 | D:1      | Reached XP level 2. HP: 23/23 MP: 3/5
  1061 | D:1      | Learned a level 2 spell: Wereblood
  1065 | D:2      | Reached XP level 3. HP: 26/26 MP: 4/6
  1316 | D:2      | Reached XP level 4. HP: 35/36 MP: 7/7
  2009 | D:3      | Found a glowing drain.
  2030 | Sewer    | Entered a sewer
  2090 | Sewer    | Noticed a kobold brigand
  2094 | Sewer    | Noticed a kobold brigand
  2105 | Sewer    | Killed a kobold brigand
  2106 | Sewer    | Reached skill level 3 in Transmutations
  2106 | Sewer    | Reached XP level 5. HP: 22/42 MP: 9/9
  2113 | Sewer    | Reached XP level 6. HP: 15/50 MP: 10/10
  2254 | Sewer    | Found a white marble altar of Elyvilon.
  3255 | D:3      | Noticed Jessica
  3260 | D:3      | Killed Jessica
  3261 | D:3      | Your scales start taking on a golden yellow colour.
  3261 | D:3      | Reached XP level 7. HP: 57/57 MP: 8/12
  3261 | D:3      | Gained mutation: You are resistant to acid. (rCorr) [Yellow
                  | Draconian growth]
  3690 | D:4      | Found a staircase to the Ecumenical Temple.
  3694 | D:4      | Noticed Robin
  3696 | D:4      | Identified the +0 ring mail of Gyman {rF+ Will+}
  3704 | D:4      | Killed Robin
  3728 | Temple   | Entered the Ecumenical Temple
  3781 | Temple   | Became a worshipper of Hepliaklqana the Forgotten
  3898 | D:4      | Learned a level 3 spell: Spider Form
  3903 | D:4      | Learned a level 4 spell: Ice Form
  4069 | D:4      | Reached skill level 4 in Transmutations
  4388 | D:4      | Noticed Menkaure
  4399 | D:4      | Killed Menkaure
  4729 | D:5      | Entered Level 5 of the Dungeon
  4754 | D:5      | Reached skill level 1 in Ice Magic
  4843 | D:5      | Reached * piety under Hepliaklqana
  4869 | D:5      | Reached XP level 8. HP: 59/59 MP: 10/14
  5192 | D:5      | Reached skill level 5 in Unarmed Combat
  5192 | D:5      | Reached skill level 5 in Transmutations
  5607 | D:6      | Reached skill level 5 in Spellcasting
  5725 | D:6      | Noticed a queen bee
  5738 | D:6      | Noticed kaesh's ghost (novice HOBe)
  5877 | D:6      | Found a basalt altar of Yredelemnul.
  5967 | D:6      | Reached ** piety under Hepliaklqana
  5968 | D:6      | Remembered your ancestor Wilfreda as a hexer
  6028 | D:6      | Reached skill level 5 in Fighting
  6039 | D:6      | Reached XP level 9. HP: 11/66 MP: 13/17
  6217 | D:6      | Reached skill level 6 in Transmutations
  6474 | D:6      | Found a transporter.
  6478 | D:6      | Found a transporter.
  7374 | D:7      | Reached skill level 5 in Dodging
  7919 | D:8      | Found a basalt altar of Yredelemnul.
  7941 | D:8      | Reached skill level 7 in Transmutations
  7941 | D:8      | Found a snail-covered altar of Cheibriados.
  7941 | D:8      | Found a shimmering altar of Xom.
  7943 | D:8      | Found a shimmering altar of Xom.
  7943 | D:8      | Found a hide-covered altar of Uskayaw.
  7943 | D:8      | Found a radiant altar of Vehumet.
  8286 | D:8      | Found a shimmering blue altar of Sif Muna.
  8288 | D:8      | Reached *** piety under Hepliaklqana
  8323 | D:8      | Found a sand-covered staircase.
  8328 | Ossuary  | Entered an ossuary
  8577 | Ossuary  | Reached XP level 10. HP: 74/74 MP: 16/20
  8969 | D:9      | Noticed a two-headed ogre
  8976 | D:9      | Killed a two-headed ogre
  9057 | D:9      | Noticed a two-headed ogre
  9064 | D:9      | Killed a two-headed ogre
  9227 | D:9      | Reached skill level 8 in Transmutations
  9503 | D:9      | Found a snail-covered altar of Cheibriados.
  9504 | D:9      | Found a transporter.
  9505 | D:9      | Found an ornate altar of the Wu Jian Council.
  9509 | D:9      | Noticed a cyclops
  9510 | D:9      | Found a transporter.
  9956 | D:9      | Found a broken altar of Ashenzari.
 10355 | D:9      | Killed a cyclops
 10394 | D:9      | Identified the +6 mace of Heitaevvo {holy, rC+ rN+ Dex-3}
 10461 | D:10     | Entered Level 10 of the Dungeon
 10536 | D:10     | Found a flagged portal.
 10552 | Bailey   | Entered a bailey
 10952 | Bailey   | Reached skill level 5 in Ice Magic
 11110 | Bailey   | Reached XP level 11. HP: 43/82 MP: 20/23
 11431 | Bailey   | Identified the +1 robe of Goxaetzepn {rPois Will+}
 11475 | Bailey   | Found the +8 whip "Snakebite" {venom, curare, rPois}
 11620 | D:10     | Found a bloodstained altar of Trog.
 11685 | D:10     | Noticed Maurice
 11707 | D:10     | Killed Maurice
 11788 | D:10     | Reached skill level 9 in Transmutations
 11801 | D:10     | Killed from afar by a molten gargoyle

Illustrated notes

Levels and vault maps discovered:
D:1:      evilmike_arrival_crescent, layout_loops_corners, nicolae_the_louvre
D:2:      kennysheep_the_goblin_king, layout_basic, kennysheep_small_spiral
D:3:      minmay_goblin_kobold_castle, layout_basic, portal_sewer_entry_b,
          uniq_jessica
D:4:      layout_loops_cross, minmay_temple_entry_sparse_star, uniq_robin,
          uniq_menkaure
D:5:      layout_basic
D:6:      layout_basic, mainiacjoe_overflow_small_starburst,
          gammafunk_ghost_hive, hangedman_minor_gate_pass
D:7:      layout_basic
D:8:      layout_loops_cross, doesnt_xom_only_xom, general_overflow_altar,
          enter_ossuary_2, hangedman_decor_diamond_cutter
D:9:      layout_cave_pods, nicolae_ashenzari_skybound,
          gammafunk_temple_overflow_arena
D:10:     layout_cave_pools, mainiacjoe_overflow_surrounded_room,
          mainiacjoe_overflow_brackets, enter_bailey_2, minivault_8,
          uniq_maurice
Temple:   eino_temple_lava

Skill      XL: |  1  2  3  4  5  6  7  8  9 10 11 |
---------------+----------------------------------+-----
Dodging        | 2 3 4 5 6 |  6.3
Fighting       | 2 3 4 5 6 7 |  7.3
Spellcasting   | 3 4 5 6 8 |  8.2
Transmutations | 3 4 5 7 8 9 |  9.0
Unarmed Combat | 4 5 6 7 |  7.1
Ice Magic      | 1 2 3 5 |  5.2

Action                     |  1- 3 |  4- 6 |  7- 9 | 10-12 || total
---------------------------+-------+-------+-------+-------++-------
  Melee: Unarmed           |    30 |       |   128 |   208 ||   366
         Headbutt          |    13 |    16 |    24 |       ||    53
         Kick              |    16 |    28 |    52 |       ||    96
         Tailslap          |     7 |    19 |    19 |     8 ||    53
         Short sword       |    62 |   197 |   108 |       ||   367
         Punch             |     2 |     2 |     6 |     3 ||    13
   Cast: Beastly Appendage |    27 |    30 |    28 |       ||    85
         Wereblood         |       |    17 |    30 |    10 ||    57
         Ice Form          |       |       |    10 |    16 ||    26
         Spider Form       |       |       |     1 |       ||     1
 Invoke: Ancestor Life: He |       |       |     1 |       ||     1
Ability: Breathe Acid      |       |       |    24 |     4 ||    28
    Use: Scroll            |       |     3 |    12 |     7 ||    22
         Potion            |       |     1 |     1 |     4 ||     6
   Stab: Sleeping          |     1 |     1 |       |       ||     2
         Distracted        |       |       |     2 |     1 ||     3
         Confused          |       |       |     1 |     8 ||     9
 Armour: Skin              |    32 |    72 |    77 |    86 ||   267
  Dodge: Dodged            |    74 |   131 |   142 |   172 ||   519

Table legend: (Time is in decaauts)
 A = Elapsed time spent in this place.
 B = Non-inter-level travel time spent in this place.
 C = Inter-level travel time spent in this place.
 D = Time resting spent in this place.
 E = Time spent auto-exploring this place.
 F = Levels seen in this place.
 G = Mean time per level.
                   A        B        C        D        E       F      G
               +--------+--------+--------+--------+--------+-----+--------+
         Total |  11786 |  11413 |    373 |    294 |   9224 |  14 |  841.9 |
       Dungeon |  10075 |   9713 |    362 |    183 |   8005 |  10 | 1007.5 |
        Temple |     61 |     50 |     11 |      0 |     40 |   1 |   61.0 |
         Sewer |    326 |    326 |      0 |    111 |    148 |   1 |  326.0 |
       Ossuary |    315 |    315 |      0 |      0 |    214 |   1 |  315.0 |
        Bailey |   1006 |   1006 |      0 |      0 |    816 |   1 | 1006.0 |
               +--------+--------+--------+--------+--------+-----+--------+

Top non-repeatable levels by time:
     D:3: 1486 daAuts
     D:9: 1483 daAuts
     D:6: 1246 daAuts
     D:1: 1061 daAuts
     D:4: 1018 daAuts
  Bailey: 1006 daAuts
     D:7: 955 daAuts
     D:8: 934 daAuts
     D:2: 803 daAuts
     D:5: 766 daAuts
   Sewer: 326 daAuts
    D:10: 318 daAuts
 Ossuary: 315 daAuts
  Temple: 61 daAuts
